AoeStats
← 哈哈哈我不是数字名字

Arena

510531368Analyzed
2v2 RM · 1d ago on Oct 1, 2026· 71m 25s· 4 players
Game mode
Random Map
Map size
Medium (4 player)
Population
200
Speed
Normal
Resources
Standard
Victory
Conquest
Starting age
Dark Age
Ending age
Imperial Age
RankedLock teamsTeams togetherTeam positionsShared explorationLock speedFull tech treeHidden civsTurbo modeCheats
Victory
Defeat
856
+16
764
+20
🇨🇳 Portuguese · China
941
-21
🇨🇳 Danes · China
771
-15
哈哈哈我不是数字名字
12:39 Feudal Age
13:02 Horse Collar
13:09 Loom
14:00 Wheelbarrow
13:15 Double-Bit Axe
20:15 Castle Age
19:03 Gold Mining
19:13 Stone Mining
23:07 Bow Saw
24:30 Hand Cart
25:25 Husbandry
25:36 Bloodlines
24:55 Light Cavalry
26:32 Forging
26:29 Scale Barding Armor
33:44 Imperial Age
32:50 Iron Casting
32:37 Chain Barding Armor
34:11 Elite Obuch
34:58 Szlachta Privileges
36:19 Blast Furnace
36:37 Squires
35:58 Pikeman
37:05 Scale Mail Armor
37:07 Arson
37:34 Winged Hussar
38:54 Chain Mail Armor
41:32 Cavalier
45:10 Lechitic Legacy
50:55 Plate Mail Armor
50:45 Caravan
51:15 Coinage
52:27 Chemistry
51:48 Ballistics
51:34 Heavy Plow
53:34 Crop Rotation
54:46 Fletching
55:41 Bodkin Arrow
62:34 Conscription
砍德沃.基尔邦硬.香达菲基
0:47 Loom
10:38 Feudal Age
15:44 Castle Age
13:55 Double-Bit Axe
28:59 Imperial Age
26:46 Fletching
26:40 Horse Collar
27:56 Wheelbarrow
28:29 Padded Archer Armor
30:17 Hand Cart
30:02 Bodkin Arrow
30:22 Leather Archer Armor
31:13 Chemistry
30:34 Ballistics
30:10 Murder Holes
30:57 Conscription
31:04 Bracer
31:29 Bow Saw
31:14 Gold Mining
32:49 Gold Shaft Mining
32:35 Heavy Plow
33:38 Ring Archer Armor
33:11 Scale Mail Armor
33:45 Fortified Wall
34:22 Rocketry
34:56 Masonry
34:14 Heavy Rocket Cart
36:33 Thumb Ring
36:40 Elite Chu Ko Nu
37:24 Town Watch
38:23 Chain Mail Armor
41:08 Great Wall
41:42 Heavy Scorpion
42:54 Capped Ram
43:55 Town Patrol
45:47 Architecture
45:43 Capped Ram
48:08 Scale Barding Armor
48:13 Forging
48:49 Husbandry
49:00 Bloodlines
49:24 Chain Barding Armor
49:16 Squires
48:37 Man-at-Arms
49:08 Arson
48:59 Cavalier
49:02 Light Cavalry
49:09 Pikeman
49:09 Long Swordsman
50:09 Chain Mail Armor
50:29 Iron Casting
49:46 Siege Ram
50:24 Two-Handed Swordsman
50:24 Halberdier
51:10 Champion
53:00 Plate Mail Armor
53:06 Plate Barding Armor
53:55 Blast Furnace
60:45 Two-Man Saw
63:47 Bombard Tower
63:14 Arrowslits
63:20 Guard Tower
64:20 Elite Skirmisher
Roccia
10:05 Feudal Age
13:38 Castle Age
11:32 Double-Bit Axe
11:52 Horse Collar
19:23 Wheelbarrow
20:56 Bow Saw
22:17 Heavy Plow
22:28 Gold Mining
22:31 Stone Mining
22:32 Gold Mining
23:56 Hand Cart
24:37 Stone Shaft Mining
24:12 Loom
29:46 Imperial Age
27:33 Forging
27:23 Scale Mail Armor
27:16 Fletching
27:26 Padded Archer Armor
27:31 Scale Barding Armor
28:39 Iron Casting
28:20 Bloodlines
28:13 Husbandry
28:31 Bodkin Arrow
28:52 Leather Archer Armor
29:09 Ballistics
29:43 Chain Barding Armor
30:28 Arquebus
30:48 Conscription
31:31 Chemistry
30:35 Bracer
31:05 Ring Archer Armor
31:11 Plate Barding Armor
31:36 Blast Furnace
31:45 Two-Man Saw
31:20 Crop Rotation
30:24 Cavalier
31:42 Thumb Ring
33:52 Herbal Medicine
34:07 Fervor
34:20 Sanctity
35:32 Siege Engineers
35:23 Murder Holes
35:09 Treadmill Crane
35:45 Masonry
37:44 Guilds
38:26 Bracer
38:58 Architecture
41:31 Bombard Tower
43:26 Coinage
44:02 Circumnavigation
47:28 Caravan
50:33 Town Watch
68:46 Town Patrol
Dane!
10:05 Feudal Age
12:02 Double-Bit Axe
14:30 Castle Age
12:25 Horse Collar
15:38 Bow Saw
22:45 Wheelbarrow
24:15 Hand Cart
23:46 Loom
24:09 Gold Mining
27:49 Imperial Age
25:19 Town Watch
25:58 Heavy Plow
26:34 Caravan
27:29 Town Patrol
27:31 Scale Mail Armor
27:41 Forging
28:10 Squires
28:43 Chain Mail Armor
28:15 Elite Varangian Guard
30:11 Iron Casting
31:02 Stone Mining
31:40 Conscription
30:47 Northmen's Fury
31:22 Onager
33:31 Plate Mail Armor
34:01 Blast Furnace
34:00 Siege Onager
35:56 Gambesons
36:38 Siege Engineers
37:34 Chemistry
38:11 Fletching
38:21 Padded Archer Armor
38:27 Scale Barding Armor
38:59 Elite Jomsviking
39:00 Hamask
40:15 Hoardings
41:02 Bodkin Arrow
41:22 Leather Archer Armor
43:46 Gold Shaft Mining
43:14 Arson
43:31 Bracer
44:01 Ring Archer Armor
43:55 Ballistics
43:45 Masonry
43:31 Murder Holes
50:03 Coinage
51:05 Banking
54:30 Bloodlines
54:20 Husbandry
53:41 Light Cavalry
56:57 Capped Ram
56:58 Heavy Scorpion
64:31 Pikeman
64:43 Spies/Treason
Connection lost

Rejoining the realm…

Still unreachable

The connection could not be restored.

Session expired

The server has moved on; the page needs a fresh start.